 Dungeon Crawl Stone Soup version 0.23.2-1-ga50397a (webtiles) character file.

Game seed: 17551863179755972214

86 Fang the Skirmisher (level 4, -1/29 HPs)
             Began as a Gargoyle Berserker on May 14, 2019.
             Was a Believer of Trog.
             Splashed by a jelly's acid (10 damage)
             ... on level 2 of the Dungeon.
             The game lasted 00:01:27 (1050 turns).

Fang the Skirmisher (Gargoyle Berserker)            Turns: 1050, Time: 00:01:28

Health: -1/29      AC:  5    Str: 22    XL:     4   Next: 49%
Magic:  4/4        EV: 12    Int:  7    God:    Trog [**....]
Gold:   64         SH:  0    Dex:  9    Spells: 3/3 levels left

rFire    . . .     SeeInvis .   a - +0 hand axe
rCold    . . .     Gourm    .   (no shield)
rNeg     + . .     Faith    .   b - +0 animal skin
rPois    ∞         Spirit   .   (no helmet)
rElec    +         Reflect  .   (no cloak)
rCorr    .         Harm     .   (no gloves)
MR       .....                  (no boots)
Stlth    +.........             (no amulet)
HPRegen  0.09/turn              (no ring)
MPRegen  0.09/turn              (no ring)

@: no status effects
A: negative energy resistance 1, electricity resistance, unbreathing,
petrification resistance, rot immunity, AC +3
a: Berserk, Trog's Hand, Renounce Religion


You were on level 2 of the Dungeon.
You worshipped Trog.
Trog was pleased with you.
You were not hungry.

You visited 1 branch of the dungeon, and saw 2 of its levels.

You collected 64 gold pieces.

Inventory:

Hand Weapons
 a - a +0 hand axe (weapon)
Armour
 b - a +0 animal skin (worn)
Jewellery
 i - a +5 ring of dexterity {unknown}
Scrolls
 d - a scroll of teleportation {unknown}
 e - a scroll of remove curse {unknown}
 f - 2 scrolls of fear {unknown}
 k - a scroll of magic mapping {unknown}
 m - a scroll of identify {unknown}
 n - a scroll of fog {unknown}
Potions
 g - a potion of heal wounds {unknown}
 h - a potion of degeneration {unknown}
 l - a potion of magic {unknown}
Comestibles
 c - 4 rations
 j - 6 chunks of flesh


   Skills:
 + Level 4.0 Fighting
 + Level 3.2 Axes
 + Level 3.1 Armour
 + Level 2.3 Dodging


You had 3 spell levels left.
You didn't know any spells.
Your spell library was empty.

Dungeon Overview and Level Annotations

Branches:
Dungeon (2/15)

Altars:


Innate Abilities, Weirdness & Mutations

You are resistant to torment.
Your stone body is resilient. (AC +3)
You are immune to poison.
You resist negative energy. (rN+)
You are resistant to electric shocks. (rElec)
You can survive without breathing.
You are immune to petrification.
You are immune to rotting.


Message History

5 oozes and a jelly come into view.
The ooze quivers. x3
The ooze hits you but does no damage.
The ooze hits the fungus.
Found a bat skeleton, three hobgoblin skeletons and a morningstar.
You see here a +0 whip.
You barely miss the ooze. The ooze hits you.
You hit the ooze.
The ooze is heavily wounded.
The ooze closely misses you.
You barely miss the ooze.
The ooze is heavily wounded.
The ooze hits you. x2
You slash the ooze!
You kill the ooze!
Trog accepts your kill.
The jelly jiggles.
You hit the jelly.
Your hands burn!
The jelly is moderately wounded.
The jelly hits you.
You are splashed with acid!
You die...

#....##.###########
#..#..[#####
##...÷##.##JP...J..) #.
#)#.##... #........##...P.PJ..
...#....## .........##.P...÷÷PJ
#...####..##
.........##÷÷..J..P÷ #... #...#
.##......##....÷..J. #...
###.#.# #......##....J..J.
#...##...... . ###.##.#
#J####### ......... ..#...##.#
##)JJ@.(## .....##...
....#.##.#
########(##.#+######>#
.........# #....'..###. #.#...#
..##.....###....######. #...###
..
#......##.......##..####......
.
#......##[......##............
#......##.......##............
#......##.......##...(........
........###.....#####..........


You could see 2 jellies and an ooze.

Vanquished Creatures
  Terence (D:2)
  An adder (D:2)
  An ooze (D:2)
  A worm (D:2)
  A dart slug (D:1)
  3 leopard geckos
  2 bats
  3 giant cockroaches (D:2)
  5 goblins
  7 hobgoblins (D:1)
  10 kobolds
  A frilled lizard (D:1)
  A rat (D:1)
37 creatures vanquished.

Vanquished Creatures (others)
  A fungus (D:2)
  9 toadstools (D:2)
10 creatures vanquished.

Grand Total: 47 creatures vanquished

Notes
Turn   | Place    | Note
-------+----------+-------------------------------------------
     0 | D:1      | Fang the Gargoyle Berserker began the quest for the Orb.
     0 | D:1      | Reached XP level 1. HP: 14/14 MP: 1/1
    65 | D:1      | Reached XP level 2. HP: 6/19 MP: 2/2
   426 | D:1      | Reached XP level 3. HP: 23/23 MP: 3/3
   666 | D:2      | Reached ** piety under Trog
   740 | D:2      | Noticed Terence
   754 | D:2      | Killed Terence
   754 | D:2      | Reached XP level 4. HP: 23/29 MP: 4/4
  1010 | D:2      | Reached skill level 4 in Fighting
  1050 | D:2      | Splashed by a jelly's acid

Skill      XL: |  1  2  3  4 |
---------------+-------------+-----
Axes           | 3 |  3.2
Dodging        | 2 |  2.3
Armour         | 3 |  3.1
Fighting       | 4 |  4.0

Action                   |  1- 3 |  4- 6 || total
-------------------------+-------+-------++-------
Melee: Hand axe          |    77 |    32 ||   109
Invok: Berserk           |     1 |       ||     1
 Stab: Sleeping          |       |     1 ||     1
  Eat: Chunk             |       |     2 ||     2
Armor: Animal skin       |    36 |     6 ||    42
Dodge: Dodged            |    35 |    28 ||    63
